[ AOE2 MATCH · #463524666 ]
Team RMGoths vs Ethiopians
[ REPLAY ANALYSIS · EXTRACTED FROM THE RECORDED GAME ]
Feudal
12:11
Castle
15:42
Imperial
29:23
| APM avg | 20.3 |
| APM peak | 70 |
| eAPM avg | 16.1 |
| Villagers / military | 175 / 400 |
Focus
⚔️ 24.7% · 🌾 75.3%
Huskarl ×293 · Militia ×87 · Spearman ×20
Feudal
11:30
Castle
15:25
Imperial
29:00
| APM avg | 29.3 |
| APM peak | 73 |
| eAPM avg | 19.7 |
| Villagers / military | 151 / 140 |
Focus
⚔️ 30.6% · 🌾 69.4%
Spearman ×134 · Mangonel ×4 · Tarkan ×2
Feudal
8:53
Castle
21:48
Imperial
33:00
| APM avg | 32.9 |
| APM peak | 76 |
| eAPM avg | 15.2 |
| Villagers / military | 138 / 291 |
Focus
⚔️ 26.2% · 🌾 73.8%
Steppe Lancer ×291
Feudal
11:42
Castle
15:39
Imperial
31:13
| APM avg | 42.6 |
| APM peak | 109 |
| eAPM avg | 25.0 |
| Villagers / military | 139 / 193 |
Focus
⚔️ 28.3% · 🌾 71.7%
Knight ×121 · Skirmisher ×68 · Monk ×2 · Mangonel ×2
Feudal
11:22
Castle
14:52
Imperial
29:34
| APM avg | 46.5 |
| APM peak | 103 |
| eAPM avg | 30.5 |
| Villagers / military | 200 / 319 |
Focus
⚔️ 52.9% · 🌾 47.1%
Militia ×194 · Archer ×107 · Battering Ram ×13 · Trebuchet (Packed) ×5
Feudal
10:58
Castle
14:39
Imperial
30:52
| APM avg | 44.8 |
| APM peak | 125 |
| eAPM avg | 18.0 |
| Villagers / military | 112 / 187 |
Focus
⚔️ 30.5% · 🌾 69.5%
Bolas Rider ×170 · Unknown (2550) ×22 · Spearman ×15 · Monk ×2
Feudal
10:38
Castle
14:10
Imperial
—
| APM avg | 10.4 |
| APM peak | 63 |
| eAPM avg | 6.6 |
| Villagers / military | 81 / 6 |
Focus
⚔️ 5.5% · 🌾 94.5%
Shotel Warrior ×6
Feudal
10:43
Castle
17:05
Imperial
35:49
| APM avg | 18.6 |
| APM peak | 73 |
| eAPM avg | 12.4 |
| Villagers / military | 156 / 125 |
Focus
⚔️ 28.4% · 🌾 71.6%
Spearman ×73 · Battering Ram ×32 · Petard ×12 · Rattan Archer ×6 · Trebuchet (Packed) ×2
Match map
Resources at game start + every placement click. Thick line = wall · dashed box = detected house wall. 🟡 gold · ⚪ stone · 🟢 berries · 🔶 boar · ⭕ relic
Inputs per minute
— x-3-n-0-c - - aq.gjoel
Build order — x-3-n-0-c
First 150 of 505 actions detected
| 0:01 | Create | Villager (Male) |
| 0:01 | Create | Villager (Male) |
| 0:01 | Create | Villager (Male) |
| 0:03 | Build | House |
| 0:04 | Build | House |
| 0:15 | Create | Villager (Male) |
| 0:15 | Create | Villager (Male) |
| 1:35 | Create | Villager (Male) |
| 1:35 | Create | Villager (Male) |
| 1:47 | Build | Lumber Camp |
| 2:00 | Create | Villager (Male) |
| 2:00 | Create | Villager (Male) |
| 2:25 | Create | Villager (Male) |
| 2:26 | Create | Villager (Male) |
| 2:51 | Create | Villager (Male) |
| 2:51 | Create | Villager (Male) |
| 3:09 | Create | Villager (Male) |
| 3:10 | Create | Villager (Male) |
| 3:40 | Create | Villager (Male) |
| 3:40 | Create | Villager (Male) |
| 3:50 | Build | House |
| 3:55 | Build | Mill |
| 3:56 | Create | Villager (Male) |
| 3:57 | Create | Villager (Male) |
| 4:28 | Create | Villager (Male) |
| 4:28 | Create | Villager (Male) |
| 4:53 | Create | Villager (Male) |
| 4:56 | Create | Villager (Male) |
| 4:56 | Create | Villager (Male) |
| 4:57 | Create | Villager (Male) |
| 5:21 | Create | Villager (Male) |
| 5:27 | Build | House |
| 5:43 | Create | Villager (Male) |
| 5:43 | Create | Villager (Male) |
| 5:52 | Create | Villager (Male) |
| 5:53 | Create | Villager (Male) |
| 6:41 | Create | Villager (Male) |
| 6:55 | Create | Villager (Male) |
| 6:58 | Create | Villager (Male) |
| 7:39 | Create | Villager (Male) |
| 7:39 | Create | Villager (Male) |
| 7:40 | Create | Villager (Male) |
| 7:57 | Build | House |
| 8:55 | Build | Mining Camp |
| 9:18 | Build | Mining Camp |
| 9:24 | Create | Villager (Male) |
| 9:41 | Research | Feudal Age |
| 9:56 | Create | Villager (Male) |
| 9:56 | Create | Villager (Male) |
| 12:11 | Age | Feudal Age |
| 12:13 | Build | Market |
| 12:16 | Build | Blacksmith |
| 12:26 | Build | Farm |
| 12:28 | Build | Farm |
| 12:31 | Build | Farm |
| 12:31 | Build | Farm |
| 12:31 | Build | Farm |
| 12:32 | Build | Farm |
| 12:32 | Build | Farm |
| 12:32 | Build | Farm |
| 13:02 | Research | Castle Age |
| 13:02 | Research | Castle Age |
| 13:02 | Research | Castle Age |
| 13:40 | Research | Double-Bit Axe |
| 13:40 | Research | Double-Bit Axe |
| 13:41 | Research | Double-Bit Axe |
| 14:17 | Research | Horse Collar |
| 14:17 | Research | Horse Collar |
| 14:59 | Build | House |
| 15:03 | Build | House |
| 15:12 | Create | Villager (Male) |
| 15:13 | Create | Villager (Male) |
| 15:42 | Age | Castle Age |
| 15:52 | Build | Town Center |
| 16:01 | Build | Town Center |
| 16:15 | Build | House |
| 16:44 | Research | Loom |
| 16:45 | Create | Villager (Male) |
| 16:48 | Create | Villager (Male) |
| 16:48 | Create | Villager (Male) |
| 16:50 | Create | Villager (Male) |
| 17:09 | Create | Villager (Male) |
| 17:10 | Create | Villager (Male) |
| 17:52 | Build | Castle |
| 17:54 | Build | Mining Camp |
| 17:57 | Create | Villager (Male) |
| 17:57 | Create | Villager (Male) |
| 17:57 | Create | Villager (Male) |
| 17:58 | Create | Villager (Male) |
| 18:04 | Build | Farm |
| 18:04 | Build | Farm |
| 18:04 | Build | Farm |
| 18:04 | Build | Farm |
| 18:05 | Build | Farm |
| 18:10 | Create | Villager (Male) |
| 18:11 | Create | Villager (Male) |
| 18:24 | Build | Farm |
| 18:27 | Build | Farm |
| 18:32 | Build | Farm |
| 18:34 | Build | Farm |
| 18:36 | Create | Villager (Male) |
| 18:37 | Create | Villager (Male) |
| 18:42 | Create | Villager (Male) |
| 18:42 | Create | Villager (Male) |
| 18:42 | Create | Villager (Male) |
| 18:49 | Build | House |
| 18:53 | Build | House |
| 18:57 | Create | Villager (Male) |
| 18:57 | Create | Villager (Male) |
| 19:05 | Create | Villager (Male) |
| 19:05 | Create | Villager (Male) |
| 19:06 | Create | Villager (Male) |
| 19:06 | Create | Villager (Male) |
| 19:12 | Build | Farm |
| 19:12 | Build | Farm |
| 19:12 | Build | Farm |
| 19:22 | Create | Villager (Male) |
| 19:22 | Create | Villager (Male) |
| 19:24 | Create | Villager (Male) |
| 19:24 | Create | Villager (Male) |
| 19:30 | Build | Farm |
| 19:31 | Build | Farm |
| 19:31 | Build | Farm |
| 19:38 | Create | Villager (Male) |
| 19:38 | Create | Villager (Male) |
| 19:47 | Create | Villager (Male) |
| 19:47 | Create | Villager (Male) |
| 20:02 | Build | Farm |
| 20:05 | Build | Farm |
| 20:06 | Create | Villager (Male) |
| 20:06 | Create | Villager (Male) |
| 20:11 | Build | Farm |
| 20:13 | Build | Farm |
| 20:17 | Build | Farm |
| 20:22 | Create | Villager (Male) |
| 20:23 | Create | Villager (Male) |
| 20:23 | Create | Villager (Male) |
| 20:29 | Build | Farm |
| 20:30 | Create | Villager (Male) |
| 20:30 | Create | Villager (Male) |
| 20:40 | Build | Farm |
| 20:41 | Create | Villager (Male) |
| 20:41 | Create | Villager (Male) |
| 20:41 | Create | Villager (Male) |
| 20:42 | Create | Villager (Male) |
| 20:48 | Create | Villager (Male) |
| 20:48 | Create | Villager (Male) |
| 20:55 | Build | Farm |
| 20:55 | Build | Farm |
| 20:58 | Build | Farm |
Build order — aq.gjoel
First 150 of 412 actions detected
| 0:09 | Create | Villager (Male) |
| 0:09 | Create | Villager (Male) |
| 0:10 | Create | Villager (Male) |
| 0:10 | Create | Villager (Male) |
| 1:32 | Create | Villager (Male) |
| 1:32 | Create | Villager (Male) |
| 1:32 | Create | Villager (Male) |
| 1:53 | Build | Lumber Camp |
| 1:57 | Create | Villager (Male) |
| 1:58 | Create | Villager (Male) |
| 1:58 | Create | Villager (Male) |
| 2:21 | Create | Villager (Male) |
| 2:21 | Create | Villager (Male) |
| 2:21 | Create | Villager (Male) |
| 2:58 | Create | Villager (Male) |
| 2:59 | Create | Villager (Male) |
| 2:59 | Create | Villager (Male) |
| 3:50 | Create | Villager (Male) |
| 3:50 | Create | Villager (Male) |
| 4:11 | Create | Villager (Male) |
| 4:11 | Create | Villager (Male) |
| 4:11 | Create | Villager (Male) |
| 4:26 | Build | Mill |
| 4:40 | Create | Villager (Male) |
| 4:40 | Create | Villager (Male) |
| 4:57 | Create | Villager (Male) |
| 4:58 | Create | Villager (Male) |
| 5:38 | Create | Villager (Male) |
| 6:21 | Create | Villager (Male) |
| 6:37 | Create | Villager (Male) |
| 6:37 | Create | Villager (Male) |
| 7:21 | Build | Mill |
| 7:31 | Create | Villager (Male) |
| 7:49 | Create | Villager (Male) |
| 8:25 | Create | Villager (Male) |
| 8:52 | Create | Villager (Male) |
| 9:01 | Create | Villager (Male) |
| 9:07 | Research | Feudal Age |
| 9:47 | Build | Mining Camp |
| 10:00 | Build | Mining Camp |
| 10:15 | Build | Farm |
| 10:15 | Build | Farm |
| 10:18 | Build | Farm |
| 10:23 | Build | Farm |
| 11:28 | Create | Villager (Male) |
| 11:28 | Create | Villager (Male) |
| 11:30 | Age | Feudal Age |
| 11:45 | Build | Market |
| 11:54 | Build | Blacksmith |
| 12:00 | Create | Villager (Male) |
| 12:04 | Build | Farm |
| 12:11 | Build | Farm |
| 12:42 | Research | Castle Age |
| 12:42 | Research | Castle Age |
| 12:42 | Research | Castle Age |
| 13:14 | Research | Double-Bit Axe |
| 14:38 | Create | Villager (Male) |
| 14:38 | Create | Villager (Male) |
| 15:25 | Age | Castle Age |
| 15:35 | Create | Villager (Male) |
| 15:50 | Build | Town Center |
| 15:57 | Build | Town Center |
| 16:08 | Build | Town Center |
| 16:18 | Build | Farm |
| 16:22 | Create | Villager (Male) |
| 16:45 | Build | Farm |
| 16:58 | Research | Bow Saw |
| 17:04 | Create | Villager (Male) |
| 17:12 | Create | Villager (Male) |
| 17:27 | Create | Villager (Male) |
| 17:36 | Build | Farm |
| 17:37 | Build | Farm |
| 17:41 | Create | Villager (Male) |
| 17:41 | Create | Villager (Male) |
| 17:46 | Create | Villager (Male) |
| 17:47 | Create | Villager (Male) |
| 17:49 | Create | Villager (Male) |
| 17:50 | Create | Villager (Male) |
| 18:02 | Create | Villager (Male) |
| 18:11 | Build | Farm |
| 18:14 | Build | Farm |
| 18:19 | Create | Villager (Male) |
| 18:19 | Create | Villager (Male) |
| 18:30 | Build | Farm |
| 18:31 | Build | Farm |
| 18:35 | Create | Villager (Male) |
| 18:37 | Build | Farm |
| 18:51 | Create | Villager (Male) |
| 18:52 | Create | Villager (Male) |
| 18:58 | Research | Loom |
| 19:00 | Build | Farm |
| 19:04 | Create | Villager (Male) |
| 19:14 | Create | Villager (Male) |
| 19:14 | Create | Villager (Male) |
| 19:14 | Create | Villager (Male) |
| 19:22 | Build | Farm |
| 19:27 | Build | Farm |
| 19:29 | Create | Villager (Male) |
| 19:33 | Build | Farm |
| 19:37 | Create | Villager (Male) |
| 19:48 | Create | Villager (Male) |
| 19:48 | Create | Villager (Male) |
| 19:52 | Build | Farm |
| 19:58 | Create | Villager (Male) |
| 19:58 | Create | Villager (Male) |
| 20:15 | Build | Farm |
| 20:16 | Build | Farm |
| 20:20 | Create | Villager (Male) |
| 20:21 | Create | Villager (Male) |
| 20:23 | Build | Farm |
| 20:24 | Build | Farm |
| 20:28 | Build | Farm |
| 20:31 | Build | Farm |
| 20:33 | Create | Villager (Male) |
| 20:34 | Create | Villager (Male) |
| 20:34 | Create | Villager (Male) |
| 20:41 | Create | Villager (Male) |
| 20:41 | Create | Villager (Male) |
| 21:02 | Create | Villager (Male) |
| 21:02 | Create | Villager (Male) |
| 21:02 | Create | Villager (Male) |
| 21:11 | Build | Farm |
| 21:17 | Create | Villager (Male) |
| 21:17 | Create | Villager (Male) |
| 21:20 | Build | Farm |
| 21:24 | Create | Villager (Male) |
| 21:25 | Create | Villager (Male) |
| 21:31 | Create | Villager (Male) |
| 21:35 | Build | Farm |
| 21:36 | Build | Farm |
| 21:37 | Build | Farm |
| 21:44 | Build | Farm |
| 21:46 | Create | Villager (Male) |
| 21:46 | Create | Villager (Male) |
| 21:56 | Create | Villager (Male) |
| 22:00 | Create | Villager (Male) |
| 22:00 | Create | Villager (Male) |
| 22:08 | Create | Villager (Male) |
| 22:08 | Create | Villager (Male) |
| 22:20 | Build | Farm |
| 22:23 | Build | Farm |
| 22:29 | Create | Villager (Male) |
| 22:29 | Create | Villager (Male) |
| 22:31 | Build | Farm |
| 22:34 | Build | Farm |
| 22:41 | Create | Villager (Male) |
| 22:47 | Build | Farm |
| 22:51 | Build | Farm |
| 22:56 | Create | Villager (Male) |
| 22:56 | Create | Villager (Male) |
Build order — evertone
First 150 of 397 actions detected
| 0:01 | Create | Villager (Male) ×4 |
| 0:01 | Create | Villager (Male) ×4 |
| 0:02 | Build | House |
| 0:04 | Build | House |
| 1:40 | Create | Villager (Male) |
| 1:40 | Create | Villager (Male) |
| 1:57 | Create | Villager (Male) |
| 2:14 | Create | Villager (Male) |
| 2:43 | Create | Villager (Male) |
| 2:44 | Create | Villager (Male) |
| 2:44 | Create | Villager (Male) |
| 3:24 | Build | House |
| 3:29 | Create | Villager (Male) |
| 3:31 | Create | Villager (Male) |
| 3:32 | Create | Villager (Male) |
| 3:32 | Create | Villager (Male) |
| 4:16 | Build | Mill |
| 4:45 | Create | Villager (Male) |
| 4:45 | Create | Villager (Male) |
| 5:28 | Build | Lumber Camp |
| 5:34 | Create | Villager (Male) |
| 5:57 | Create | Villager (Male) |
| 6:43 | Research | Feudal Age |
| 7:04 | Build | House |
| 7:05 | Build | House |
| 7:56 | Build | Mill |
| 8:16 | Create | Villager (Male) |
| 8:16 | Create | Villager (Male) |
| 8:16 | Create | Villager (Male) |
| 8:17 | Create | Villager (Male) |
| 8:17 | Create | Villager (Male) |
| 8:53 | Age | Feudal Age |
| 8:59 | Build | Town Center |
| 10:02 | Create | Villager (Male) |
| 10:09 | Create | Villager (Male) |
| 10:10 | Create | Villager (Male) |
| 10:10 | Create | Villager (Male) |
| 10:10 | Create | Villager (Male) |
| 10:10 | Create | Villager (Male) |
| 10:46 | Research | Horse Collar |
| 11:02 | Create | Villager (Male) |
| 11:02 | Create | Villager (Male) |
| 11:31 | Create | Villager (Male) |
| 11:36 | Build | Farm |
| 11:36 | Build | Farm |
| 11:36 | Build | Farm |
| 11:36 | Build | Farm |
| 11:37 | Build | Farm |
| 11:37 | Build | Farm |
| 11:37 | Build | Farm |
| 11:37 | Build | Farm |
| 11:38 | Build | Farm |
| 11:44 | Create | Villager (Male) |
| 11:45 | Create | Villager (Male) |
| 11:55 | Build | House |
| 11:56 | Build | House |
| 12:10 | Build | Farm |
| 12:13 | Build | Farm |
| 12:23 | Create | Villager (Male) |
| 12:26 | Create | Villager (Male) |
| 12:29 | Build | Farm |
| 12:36 | Build | Farm |
| 12:45 | Build | House |
| 12:55 | Create | Villager (Male) |
| 12:55 | Create | Villager (Male) |
| 12:58 | Build | Farm |
| 13:05 | Build | Farm |
| 13:13 | Create | Villager (Male) |
| 13:13 | Create | Villager (Male) |
| 13:21 | Build | Farm |
| 13:25 | Create | Villager (Male) |
| 13:34 | Build | House |
| 13:35 | Build | House |
| 13:42 | Build | Farm |
| 13:47 | Build | Farm |
| 13:49 | Create | Villager (Male) |
| 13:49 | Create | Villager (Male) |
| 14:15 | Create | Villager (Male) |
| 14:15 | Create | Villager (Male) |
| 14:25 | Build | Farm |
| 14:25 | Build | Farm |
| 14:37 | Build | Farm |
| 14:40 | Build | Farm |
| 14:43 | Research | Double-Bit Axe |
| 14:47 | Create | Villager (Male) |
| 14:47 | Create | Villager (Male) |
| 14:58 | Build | Farm |
| 15:02 | Build | House |
| 15:05 | Create | Villager (Male) |
| 15:17 | Build | Farm |
| 15:21 | Create | Villager (Male) |
| 15:21 | Create | Villager (Male) |
| 15:21 | Create | Villager (Male) |
| 15:21 | Create | Villager (Male) |
| 15:26 | Build | Farm |
| 15:36 | Build | Barracks |
| 15:39 | Create | Villager (Male) |
| 15:40 | Create | Villager (Male) |
| 15:55 | Create | Villager (Male) |
| 15:55 | Create | Villager (Male) |
| 16:07 | Build | Blacksmith |
| 16:17 | Build | Farm |
| 16:35 | Build | Stable |
| 16:37 | Create | Villager (Male) |
| 16:38 | Create | Villager (Male) |
| 16:46 | Build | Stable |
| 16:48 | Build | Farm |
| 16:50 | Build | Farm |
| 16:51 | Build | Farm |
| 16:58 | Create | Villager (Male) |
| 16:59 | Create | Villager (Male) |
| 17:02 | Build | Farm |
| 17:04 | Build | Farm |
| 17:11 | Build | Farm |
| 17:13 | Create | Villager (Male) |
| 17:14 | Create | Villager (Male) |
| 17:26 | Build | Stable |
| 17:36 | Create | Villager (Male) |
| 17:36 | Create | Villager (Male) |
| 17:37 | Create | Villager (Male) |
| 17:48 | Create | Villager (Male) |
| 17:55 | Build | Stable |
| 18:00 | Build | Mining Camp |
| 18:17 | Build | Lumber Camp |
| 18:19 | Build | Lumber Camp |
| 18:26 | Create | Villager (Male) |
| 18:45 | Build | Mining Camp |
| 18:53 | Research | Castle Age |
| 18:56 | Create | Villager (Male) |
| 19:02 | Build | House |
| 19:16 | Build | Stable |
| 19:22 | Research | Wheelbarrow |
| 19:35 | Research | Gold Mining |
| 19:42 | Build | House |
| 19:44 | Build | House |
| 19:45 | Build | House |
| 19:46 | Build | House |
| 19:49 | Build | Farm |
| 19:51 | Build | Farm |
| 19:56 | Research | Bloodlines |
| 20:01 | Research | Scale Barding Armor |
| 20:06 | Build | Farm |
| 20:08 | Build | Farm |
| 20:22 | Create | Villager (Male) |
| 20:22 | Create | Villager (Male) |
| 20:26 | Build | Farm |
| 20:44 | Build | Farm |
| 20:45 | Build | Farm |
| 20:49 | Research | Forging |
| 20:54 | Build | House |
Build order — |WolkF|
First 150 of 494 actions detected
| 0:01 | Create | Villager (Male) |
| 0:01 | Create | Villager (Male) |
| 0:01 | Create | Villager (Male) |
| 0:02 | Build | House |
| 0:03 | Build | House |
| 0:04 | Create | Villager (Male) |
| 0:05 | Create | Villager (Male) |
| 1:36 | Create | Villager (Male) |
| 1:36 | Create | Villager (Male) |
| 1:44 | Build | Lumber Camp |
| 2:08 | Create | Villager (Male) |
| 2:08 | Create | Villager (Male) |
| 2:15 | Create | Villager (Male) |
| 2:16 | Create | Villager (Male) |
| 2:45 | Create | Villager (Male) |
| 2:46 | Create | Villager (Male) |
| 3:02 | Build | House |
| 3:03 | Build | House |
| 3:05 | Create | Villager (Male) |
| 3:05 | Create | Villager (Male) |
| 3:10 | Build | House |
| 3:42 | Create | Villager (Male) |
| 3:43 | Create | Villager (Male) |
| 3:57 | Create | Villager (Male) |
| 3:57 | Create | Villager (Male) |
| 4:10 | Build | Building 804 |
| 4:21 | Build | Building 804 |
| 4:28 | Build | Palisade Wall |
| 4:35 | Build | Palisade Gate |
| 5:08 | Build | Palisade Gate |
| 5:21 | Create | Villager (Male) |
| 5:21 | Create | Villager (Male) |
| 5:22 | Create | Villager (Male) |
| 5:22 | Create | Villager (Male) |
| 5:39 | Create | Villager (Male) |
| 5:39 | Create | Villager (Male) |
| 5:39 | Create | Villager (Male) |
| 5:44 | Build | Palisade Wall |
| 5:47 | Build | Palisade Wall |
| 6:05 | Create | Villager (Male) |
| 6:05 | Create | Villager (Male) |
| 7:06 | Build | Mill |
| 7:21 | Create | Villager (Male) |
| 8:00 | Create | Villager (Male) |
| 8:01 | Create | Villager (Male) |
| 9:02 | Create | Villager (Male) |
| 9:11 | Build | Mining Camp |
| 9:21 | Build | Mining Camp |
| 9:23 | Research | Feudal Age |
| 9:34 | Build | Farm |
| 9:35 | Build | Farm |
| 9:37 | Build | Farm |
| 9:49 | Build | Farm |
| 10:36 | Create | Villager (Male) |
| 11:42 | Age | Feudal Age |
| 11:46 | Build | Market |
| 11:47 | Build | Blacksmith |
| 12:09 | Create | Villager (Male) |
| 12:32 | Create | Villager (Male) |
| 12:48 | Research | Castle Age |
| 13:17 | Create | Villager (Male) |
| 13:48 | Research | Double-Bit Axe |
| 13:50 | Research | Horse Collar |
| 14:33 | Build | House |
| 15:32 | Build | House |
| 15:39 | Age | Castle Age |
| 15:46 | Build | Town Center |
| 16:01 | Build | Town Center |
| 16:20 | Build | Farm |
| 16:22 | Build | House |
| 16:23 | Build | House |
| 16:25 | Create | Villager (Male) |
| 16:39 | Build | Town Center |
| 17:02 | Create | Villager (Male) |
| 17:02 | Create | Villager (Male) |
| 17:02 | Create | Villager (Male) |
| 17:05 | Create | Villager (Male) |
| 17:08 | Create | Villager (Male) |
| 17:12 | Build | House |
| 17:13 | Build | House |
| 17:15 | Create | Villager (Male) |
| 17:25 | Build | Monastery |
| 17:27 | Create | Villager (Male) |
| 17:27 | Create | Villager (Male) |
| 17:34 | Create | Villager (Male) |
| 17:34 | Create | Villager (Male) |
| 17:34 | Create | Villager (Male) |
| 17:40 | Build | Farm |
| 17:41 | Create | Villager (Male) |
| 17:41 | Create | Villager (Male) |
| 17:42 | Create | Villager (Male) |
| 17:52 | Create | Villager (Male) |
| 17:52 | Create | Villager (Male) |
| 17:59 | Build | Farm |
| 18:03 | Build | House |
| 18:04 | Build | House |
| 18:19 | Build | Farm |
| 18:19 | Build | Farm |
| 18:19 | Build | Farm |
| 18:19 | Build | Farm |
| 18:20 | Build | Farm |
| 18:20 | Build | Farm |
| 18:24 | Build | Farm |
| 18:26 | Create | Villager (Male) |
| 18:27 | Create | Villager (Male) |
| 18:44 | Build | Farm |
| 18:45 | Build | Farm |
| 18:47 | Build | Farm |
| 18:49 | Build | Farm |
| 18:50 | Create | Villager (Male) |
| 18:50 | Create | Villager (Male) |
| 18:52 | Create | Monk |
| 18:52 | Create | Monk |
| 19:08 | Build | House |
| 19:09 | Build | House |
| 19:10 | Build | House |
| 19:11 | Create | Villager (Male) |
| 19:12 | Create | Villager (Male) |
| 19:17 | Build | Farm |
| 19:22 | Build | House |
| 19:23 | Create | Villager (Male) |
| 19:23 | Create | Villager (Male) |
| 19:27 | Build | House |
| 19:28 | Build | House |
| 19:30 | Build | House |
| 19:30 | Build | House |
| 19:32 | Create | Villager (Male) |
| 19:32 | Create | Villager (Male) |
| 19:35 | Build | Farm |
| 19:35 | Build | Farm |
| 19:37 | Create | Villager (Male) |
| 19:37 | Create | Villager (Male) |
| 19:53 | Build | Farm |
| 19:53 | Build | Farm |
| 19:53 | Create | Villager (Male) |
| 19:54 | Create | Villager (Male) |
| 19:57 | Build | Farm |
| 20:01 | Create | Villager (Male) |
| 20:01 | Create | Villager (Male) |
| 20:06 | Create | Villager (Male) |
| 20:07 | Create | Villager (Male) |
| 20:14 | Build | Farm |
| 20:16 | Create | Villager (Male) |
| 20:16 | Create | Villager (Male) |
| 20:26 | Build | House |
| 20:26 | Build | House |
| 20:27 | Build | House |
| 20:32 | Build | House |
| 20:36 | Build | House |
| 20:37 | Build | House |
Build order — MartsRdm
First 150 of 481 actions detected
| 0:01 | Create | Villager (Male) ×4 |
| 0:04 | Build | House |
| 0:05 | Build | House |
| 1:19 | Create | Villager (Male) |
| 1:20 | Create | Villager (Male) |
| 1:46 | Build | Lumber Camp |
| 1:51 | Build | Lumber Camp |
| 2:00 | Create | Villager (Male) |
| 2:00 | Create | Villager (Male) |
| 2:01 | Create | Villager (Male) |
| 2:01 | Create | Villager (Male) |
| 2:35 | Create | Villager (Male) |
| 2:35 | Create | Villager (Male) |
| 2:35 | Create | Villager (Male) |
| 2:44 | Create | Villager (Male) |
| 2:44 | Create | Villager (Male) |
| 2:44 | Create | Villager (Male) |
| 3:14 | Create | Villager (Male) |
| 3:14 | Create | Villager (Male) |
| 3:34 | Create | Villager (Male) |
| 3:35 | Create | Villager (Male) |
| 3:50 | Build | House |
| 3:54 | Build | House |
| 4:06 | Build | Mill |
| 4:16 | Create | Villager (Male) |
| 4:16 | Create | Villager (Male) |
| 4:16 | Create | Villager (Male) |
| 4:17 | Create | Villager (Male) |
| 5:08 | Create | Villager (Male) |
| 5:08 | Create | Villager (Male) |
| 5:09 | Create | Villager (Male) |
| 5:40 | Build | House |
| 6:18 | Create | Villager (Male) |
| 6:19 | Create | Villager (Male) |
| 6:19 | Create | Villager (Male) |
| 6:20 | Build | Mill |
| 7:31 | Create | Villager (Male) |
| 7:31 | Create | Villager (Male) |
| 7:32 | Create | Villager (Male) |
| 7:32 | Create | Villager (Male) |
| 7:54 | Build | House |
| 8:51 | Research | Feudal Age |
| 8:51 | Research | Feudal Age |
| 8:54 | Build | Mining Camp |
| 9:05 | Build | Farm |
| 9:05 | Build | Farm |
| 10:18 | Create | Villager (Male) |
| 10:18 | Create | Villager (Male) |
| 10:23 | Build | Farm |
| 10:33 | Build | Farm |
| 11:22 | Age | Feudal Age |
| 11:24 | Build | Market |
| 11:28 | Build | Blacksmith |
| 11:30 | Create | Villager (Male) |
| 11:47 | Research | Double-Bit Axe |
| 12:12 | Research | Castle Age |
| 12:13 | Research | Castle Age |
| 12:13 | Research | Castle Age |
| 12:23 | Research | Horse Collar |
| 12:23 | Research | Horse Collar |
| 12:34 | Research | Horse Collar |
| 12:34 | Research | Horse Collar |
| 13:19 | Build | Farm |
| 13:20 | Build | Farm |
| 13:56 | Build | Farm |
| 13:57 | Build | Farm |
| 14:30 | Build | Farm |
| 14:52 | Age | Castle Age |
| 14:56 | Build | Town Center |
| 14:57 | Create | Villager (Male) |
| 15:03 | Build | Town Center |
| 15:12 | Build | Town Center |
| 15:18 | Create | Villager (Male) |
| 15:24 | Build | House |
| 15:38 | Build | Farm |
| 15:45 | Create | Villager (Male) |
| 15:46 | Research | Bow Saw |
| 15:46 | Research | Bow Saw |
| 15:47 | Research | Heavy Plow |
| 15:47 | Research | Heavy Plow |
| 15:47 | Research | Heavy Plow |
| 15:55 | Build | House |
| 16:09 | Create | Villager (Male) |
| 16:13 | Build | Farm |
| 16:14 | Build | Farm |
| 16:16 | Create | Villager (Male) |
| 16:23 | Create | Villager (Male) |
| 16:24 | Create | Villager (Male) |
| 16:25 | Create | Villager (Male) |
| 16:25 | Create | Villager (Male) |
| 16:26 | Build | House |
| 16:28 | Build | House |
| 16:55 | Build | Farm |
| 17:00 | Build | House |
| 17:02 | Create | Villager (Male) |
| 17:04 | Create | Villager (Male) |
| 17:04 | Create | Villager (Male) |
| 17:07 | Build | Farm |
| 17:10 | Create | Villager (Male) |
| 17:10 | Create | Villager (Male) |
| 17:10 | Create | Villager (Male) |
| 17:14 | Build | Farm |
| 17:15 | Create | Villager (Male) |
| 17:15 | Research | Loom |
| 17:15 | Research | Loom |
| 17:16 | Research | Loom |
| 17:21 | Build | Farm |
| 17:34 | Build | Palisade Wall |
| 17:37 | Build | House |
| 17:40 | Create | Villager (Male) |
| 17:40 | Create | Villager (Male) |
| 17:40 | Create | Villager (Male) |
| 17:43 | Build | Farm |
| 17:44 | Build | Farm |
| 17:55 | Create | Villager (Male) |
| 17:55 | Create | Villager (Male) |
| 17:55 | Create | Villager (Male) |
| 17:57 | Build | Farm |
| 18:04 | Build | Farm |
| 18:06 | Create | Villager (Male) |
| 18:06 | Create | Villager (Male) |
| 18:06 | Create | Villager (Male) |
| 18:12 | Build | Farm |
| 18:13 | Create | Villager (Male) |
| 18:13 | Create | Villager (Male) |
| 18:13 | Create | Villager (Male) |
| 18:17 | Create | Villager (Male) |
| 18:17 | Create | Villager (Male) |
| 18:18 | Create | Villager (Male) |
| 18:33 | Create | Villager (Male) |
| 18:33 | Create | Villager (Male) |
| 18:33 | Create | Villager (Male) |
| 18:53 | Create | Villager (Male) ×3 |
| 18:55 | Build | Farm |
| 19:03 | Build | Farm |
| 19:04 | Create | Villager (Male) |
| 19:04 | Create | Villager (Male) |
| 19:04 | Create | Villager (Male) |
| 19:05 | Build | Farm |
| 19:08 | Build | Farm |
| 19:09 | Create | Villager (Male) |
| 19:09 | Create | Villager (Male) |
| 19:13 | Build | Farm |
| 19:14 | Create | Villager (Male) |
| 19:14 | Create | Villager (Male) |
| 19:16 | Build | House |
| 19:22 | Build | House |
| 19:25 | Create | Villager (Male) |
| 19:31 | Build | Farm |
| 19:36 | Create | Villager (Male) |
Build order — wulfxyz
First 150 of 366 actions detected
| 0:01 | Create | Villager (Male) ×4 |
| 0:02 | Create | Villager (Male) ×4 |
| 0:03 | Build | House |
| 0:04 | Build | House |
| 1:29 | Create | Villager (Male) |
| 1:29 | Create | Villager (Male) |
| 1:50 | Build | Settlement |
| 2:03 | Create | Villager (Male) |
| 2:03 | Create | Villager (Male) |
| 2:27 | Create | Villager (Male) |
| 2:27 | Create | Villager (Male) |
| 2:57 | Create | Villager (Male) ×2 |
| 2:57 | Create | Villager (Male) ×2 |
| 3:54 | Create | Villager (Male) |
| 3:55 | Create | Villager (Male) |
| 4:17 | Create | Villager (Male) |
| 4:17 | Create | Villager (Male) ×2 |
| 4:17 | Create | Villager (Male) |
| 4:43 | Build | Outpost |
| 4:50 | Build | Settlement |
| 5:19 | Create | Villager (Male) ×4 |
| 5:19 | Create | Villager (Male) ×5 |
| 5:19 | Create | Villager (Male) |
| 6:24 | Build | Outpost |
| 6:54 | Build | Building 796 |
| 6:59 | Build | Palisade Wall |
| 7:05 | Create | Villager (Male) |
| 7:10 | Build | Palisade Wall |
| 7:13 | Build | Palisade Wall |
| 7:16 | Build | Palisade Wall |
| 7:18 | Build | Palisade Wall |
| 7:31 | Build | Palisade Wall |
| 7:34 | Build | Palisade Wall |
| 7:37 | Build | Palisade Wall |
| 7:42 | Build | Palisade Wall |
| 7:45 | Build | Palisade Wall |
| 7:49 | Create | Villager (Male) |
| 7:51 | Build | Palisade Wall |
| 7:57 | Create | Villager (Male) |
| 7:58 | Build | Palisade Wall |
| 8:01 | Build | Farm |
| 8:16 | Build | House |
| 8:48 | Research | Feudal Age |
| 9:07 | Create | Villager (Male) |
| 10:58 | Age | Feudal Age |
| 11:03 | Build | Market |
| 11:07 | Build | Blacksmith |
| 11:59 | Research | Castle Age |
| 12:09 | Research | Double-Bit Axe |
| 12:15 | Build | Farm |
| 12:18 | Build | Farm |
| 12:43 | Research | Horse Collar |
| 12:56 | Create | Villager (Male) |
| 13:49 | Build | Barracks |
| 14:37 | Build | Archery Range |
| 14:39 | Age | Castle Age |
| 14:59 | Research | Fletching |
| 15:13 | Build | Monastery |
| 15:16 | Create | Villager (Male) |
| 15:21 | Create | Bolas Rider |
| 15:27 | Build | House |
| 15:29 | Build | House |
| 15:33 | Create | Villager (Male) |
| 15:42 | Research | Bodkin Arrow |
| 15:43 | Research | Bodkin Arrow |
| 16:20 | Create | Villager (Male) |
| 16:20 | Create | Villager (Male) |
| 16:34 | Build | House |
| 16:47 | Build | Farm |
| 16:47 | Build | Farm |
| 16:47 | Build | Farm |
| 16:47 | Build | Farm |
| 16:48 | Build | Farm |
| 16:48 | Build | Farm |
| 17:16 | Create | Villager (Male) |
| 17:18 | Build | Farm |
| 17:30 | Create | Bolas Rider |
| 17:57 | Build | Town Center |
| 18:01 | Create | Villager (Male) |
| 18:01 | Build | Farm |
| 18:57 | Build | Farm |
| 19:03 | Create | Villager (Male) |
| 19:04 | Create | Villager (Male) |
| 19:04 | Create | Villager (Male) |
| 19:04 | Create | Villager (Male) |
| 19:11 | Create | Bolas Rider |
| 19:21 | Create | Monk |
| 19:21 | Create | Monk |
| 19:41 | Build | Town Center |
| 19:47 | Create | Villager (Male) |
| 19:53 | Create | Villager (Male) |
| 20:03 | Create | Villager (Male) |
| 20:10 | Build | Farm |
| 20:34 | Create | Bolas Rider |
| 20:35 | Create | Villager (Male) |
| 20:38 | Build | Farm |
| 21:08 | Create | Villager (Male) ×5 |
| 21:11 | Build | Farm |
| 21:14 | Build | Farm |
| 21:15 | Build | Farm |
| 21:15 | Build | Farm |
| 21:15 | Build | Farm |
| 21:19 | Build | Farm |
| 21:44 | Build | Farm |
| 22:03 | Build | Farm |
| 22:05 | Create | Villager (Male) ×5 |
| 22:11 | Create | Bolas Rider |
| 22:35 | Build | House |
| 22:36 | Build | House |
| 23:02 | Research | Wheelbarrow |
| 23:03 | Research | Wheelbarrow |
| 23:18 | Create | Bolas Rider |
| 23:39 | Build | Settlement |
| 23:45 | Build | House |
| 23:48 | Create | Villager (Male) |
| 23:48 | Create | Villager (Male) |
| 24:23 | Build | Farm |
| 24:24 | Build | Farm |
| 24:28 | Create | Villager (Male) ×5 |
| 24:36 | Build | Farm |
| 24:39 | Build | Farm |
| 24:41 | Build | Farm |
| 24:43 | Build | Farm |
| 24:56 | Build | Farm |
| 25:01 | Build | Farm |
| 25:01 | Build | Farm |
| 25:01 | Build | Farm |
| 25:02 | Build | Farm |
| 25:02 | Build | Farm |
| 25:02 | Build | Farm |
| 25:08 | Create | Villager (Male) |
| 25:08 | Create | Villager (Male) |
| 25:20 | Build | Farm |
| 25:21 | Research | Bow Saw |
| 25:21 | Research | Bow Saw |
| 25:33 | Build | Farm |
| 25:35 | Create | Villager (Male) ×5 |
| 25:53 | Build | Farm |
| 25:55 | Build | Farm |
| 25:56 | Build | Farm |
| 26:02 | Build | Farm |
| 26:07 | Build | Farm |
| 26:14 | Create | Villager (Male) |
| 26:14 | Create | Villager (Male) |
| 26:14 | Create | Villager (Male) |
| 26:29 | Build | Farm |
| 26:40 | Build | University |
| 26:45 | Create | Villager (Male) |
| 26:46 | Create | Villager (Male) |
| 26:54 | Build | House |
Build order — Bunicu
First 150 of 170 actions detected
| 0:05 | Build | House |
| 0:06 | Build | House |
| 0:07 | Create | Villager (Male) ×4 |
| 1:35 | Create | Villager (Male) |
| 1:36 | Create | Villager (Male) |
| 2:06 | Build | Lumber Camp |
| 2:10 | Create | Villager (Male) |
| 2:10 | Create | Villager (Male) |
| 2:30 | Create | Villager (Male) |
| 2:30 | Create | Villager (Male) |
| 2:53 | Build | House |
| 2:55 | Build | House |
| 2:59 | Create | Villager (Male) |
| 3:00 | Create | Villager (Male) |
| 3:17 | Create | Villager (Male) |
| 3:43 | Create | Villager (Male) |
| 4:02 | Create | Villager (Male) |
| 4:36 | Create | Villager (Male) |
| 4:36 | Create | Villager (Male) |
| 4:57 | Create | Villager (Male) |
| 4:58 | Create | Villager (Male) |
| 5:12 | Build | Mill |
| 5:23 | Create | Villager (Male) |
| 5:24 | Create | Villager (Male) |
| 5:37 | Create | Villager (Male) |
| 6:23 | Create | Villager (Male) |
| 6:23 | Create | Villager (Male) |
| 6:37 | Build | Mill |
| 6:44 | Create | Villager (Male) |
| 6:51 | Build | Farm |
| 7:38 | Create | Villager (Male) |
| 7:43 | Build | Lumber Camp |
| 7:59 | Create | Villager (Male) |
| 8:23 | Research | Feudal Age |
| 8:31 | Build | Farm |
| 8:37 | Build | House |
| 8:37 | Build | House |
| 9:23 | Create | Villager (Male) |
| 9:23 | Create | Villager (Male) |
| 10:38 | Age | Feudal Age |
| 10:40 | Build | Market |
| 10:46 | Build | Blacksmith |
| 11:30 | Research | Castle Age |
| 11:30 | Research | Castle Age |
| 12:32 | Research | Double-Bit Axe |
| 12:34 | Research | Horse Collar |
| 12:42 | Build | House |
| 13:32 | Create | Villager (Male) |
| 13:33 | Create | Villager (Male) |
| 14:10 | Age | Castle Age |
| 14:12 | Build | Town Center |
| 14:16 | Build | Town Center |
| 14:21 | Research | Bow Saw |
| 14:23 | Research | Heavy Plow |
| 14:27 | Build | Farm |
| 14:39 | Create | Villager (Male) |
| 14:41 | Build | Farm |
| 14:56 | Create | Villager (Male) |
| 15:02 | Build | Farm |
| 15:07 | Build | Farm |
| 15:22 | Create | Villager (Male) |
| 15:28 | Build | Farm |
| 15:30 | Build | Farm |
| 15:32 | Create | Villager (Male) |
| 15:33 | Create | Villager (Male) |
| 15:45 | Build | Farm |
| 15:55 | Build | Farm |
| 16:02 | Create | Villager (Male) |
| 16:03 | Build | Farm |
| 16:08 | Create | Villager (Male) |
| 16:16 | Create | Villager (Male) |
| 16:20 | Build | Farm |
| 16:25 | Create | Villager (Male) |
| 16:32 | Create | Villager (Male) |
| 16:45 | Build | Farm |
| 16:46 | Build | Farm |
| 16:47 | Build | Farm |
| 16:48 | Build | Farm |
| 16:51 | Create | Villager (Male) |
| 16:55 | Create | Villager (Male) |
| 17:03 | Build | Farm |
| 17:13 | Create | Villager (Male) |
| 17:16 | Build | Farm |
| 17:23 | Create | Villager (Male) |
| 17:27 | Build | House |
| 17:28 | Build | House |
| 17:29 | Build | House |
| 17:30 | Build | House |
| 17:31 | Build | House |
| 17:33 | Create | Villager (Male) |
| 17:51 | Create | Villager (Male) |
| 17:52 | Create | Villager (Male) |
| 17:58 | Create | Villager (Male) |
| 18:12 | Build | Mining Camp |
| 18:17 | Create | Villager (Male) |
| 18:22 | Create | Villager (Male) |
| 18:28 | Create | Villager (Male) |
| 18:35 | Build | Farm |
| 18:45 | Build | Mining Camp |
| 18:49 | Create | Villager (Male) |
| 18:51 | Create | Villager (Male) |
| 18:55 | Create | Villager (Male) |
| 18:59 | Build | Farm |
| 19:14 | Create | Villager (Male) |
| 19:15 | Create | Villager (Male) |
| 19:21 | Create | Villager (Male) |
| 19:25 | Build | Farm |
| 19:34 | Create | Villager (Male) |
| 19:41 | Build | Mining Camp |
| 19:43 | Create | Villager (Male) |
| 19:57 | Build | Stone Wall |
| 20:00 | Create | Villager (Male) |
| 20:01 | Create | Villager (Male) |
| 20:02 | Create | Villager (Male) |
| 20:18 | Create | Villager (Male) |
| 20:19 | Create | Villager (Male) |
| 20:21 | Build | Farm |
| 20:29 | Build | House |
| 20:30 | Build | House |
| 20:31 | Build | House |
| 20:46 | Create | Villager (Male) |
| 20:47 | Create | Villager (Male) |
| 20:48 | Create | Villager (Male) |
| 20:50 | Build | Farm |
| 21:12 | Build | Stone Wall |
| 21:17 | Create | Villager (Male) |
| 21:18 | Create | Villager (Male) |
| 21:18 | Create | Villager (Male) |
| 21:28 | Create | Villager (Male) |
| 21:29 | Create | Villager (Male) |
| 21:30 | Create | Villager (Male) |
| 21:35 | Build | House |
| 21:36 | Build | House |
| 21:37 | Build | House |
| 21:38 | Build | House |
| 21:42 | Build | Farm |
| 21:44 | Build | Farm |
| 22:19 | Build | Castle |
| 22:29 | Build | Mining Camp |
| 22:39 | Build | Farm |
| 22:41 | Build | Farm |
| 22:52 | Build | Farm |
| 22:53 | Build | Farm |
| 22:54 | Build | Farm |
| 22:56 | Build | Farm |
| 22:58 | Build | Farm |
| 23:00 | Build | Farm |
| 23:26 | Build | House |
| 23:42 | Build | Farm |
| 23:45 | Build | Farm |
Build order — dinosah
First 150 of 308 actions detected
| 0:10 | Build | House |
| 0:13 | Research | Loom |
| 0:13 | Create | Villager (Male) |
| 0:13 | Create | Villager (Male) |
| 0:14 | Create | Villager (Male) |
| 0:14 | Create | Villager (Male) |
| 0:14 | Create | Villager (Male) |
| 0:36 | Build | House |
| 0:37 | Build | House |
| 0:38 | Build | House |
| 0:40 | Build | House |
| 0:41 | Build | House |
| 1:37 | Create | Villager (Male) |
| 1:37 | Create | Villager (Male) |
| 2:28 | Create | Villager (Male) |
| 2:28 | Create | Villager (Male) |
| 2:52 | Create | Villager (Male) |
| 2:53 | Create | Villager (Male) |
| 3:21 | Create | Villager (Male) |
| 3:21 | Create | Villager (Male) |
| 3:52 | Create | Villager (Male) |
| 3:52 | Create | Villager (Male) |
| 4:11 | Create | Villager (Male) |
| 4:12 | Create | Villager (Male) |
| 4:30 | Create | Villager (Male) |
| 4:31 | Create | Villager (Male) |
| 4:31 | Create | Villager (Male) |
| 4:31 | Create | Villager (Male) |
| 4:57 | Create | Villager (Male) |
| 4:58 | Create | Villager (Male) |
| 5:46 | Create | Villager (Male) |
| 5:47 | Create | Villager (Male) |
| 6:02 | Create | Villager (Male) |
| 6:02 | Create | Villager (Male) |
| 6:02 | Create | Villager (Male) |
| 6:03 | Create | Villager (Male) |
| 6:03 | Create | Villager (Male) |
| 6:20 | Create | Villager (Male) |
| 6:20 | Create | Villager (Male) |
| 7:03 | Build | Mill |
| 7:23 | Build | Lumber Camp |
| 7:53 | Create | Villager (Male) |
| 8:27 | Build | Mill |
| 8:32 | Research | Feudal Age |
| 8:53 | Build | Mining Camp |
| 10:32 | Create | Villager (Male) |
| 10:33 | Create | Villager (Male) |
| 10:33 | Create | Villager (Male) |
| 10:43 | Age | Feudal Age |
| 11:22 | Create | Villager (Male) |
| 11:22 | Create | Villager (Male) |
| 11:22 | Create | Villager (Male) |
| 11:22 | Create | Villager (Male) |
| 12:30 | Build | Farm |
| 12:30 | Build | Farm |
| 12:30 | Build | Farm |
| 12:30 | Build | Farm |
| 12:31 | Build | Farm |
| 12:31 | Build | Farm |
| 12:31 | Build | Farm |
| 12:52 | Build | Market |
| 13:24 | Create | Villager (Male) |
| 13:49 | Build | Blacksmith |
| 14:06 | Build | Farm |
| 14:11 | Build | Farm |
| 14:25 | Research | Castle Age |
| 14:26 | Research | Castle Age |
| 14:57 | Build | Mining Camp |
| 15:37 | Research | Stone Mining |
| 15:37 | Research | Stone Mining |
| 16:27 | Research | Double-Bit Axe |
| 17:05 | Age | Castle Age |
| 17:10 | Create | Villager (Male) |
| 17:10 | Create | Villager (Male) |
| 17:11 | Create | Villager (Male) |
| 17:11 | Create | Villager (Male) |
| 17:11 | Create | Villager (Male) |
| 17:43 | Build | Castle |
| 17:49 | Create | Villager (Male) |
| 17:49 | Create | Villager (Male) |
| 17:49 | Create | Villager (Male) |
| 18:39 | Create | Villager (Male) |
| 18:40 | Create | Villager (Male) |
| 18:55 | Build | House |
| 18:56 | Build | House |
| 19:40 | Build | Mining Camp |
| 19:48 | Build | Siege Workshop |
| 19:50 | Build | Siege Workshop |
| 20:09 | Build | Town Center |
| 20:34 | Create | Battering Ram |
| 20:34 | Create | Battering Ram |
| 20:48 | Create | Villager (Male) |
| 20:48 | Create | Villager (Male) |
| 21:02 | Create | Battering Ram |
| 21:02 | Create | Battering Ram |
| 21:27 | Create | Battering Ram |
| 21:40 | Create | Villager (Male) |
| 21:40 | Create | Villager (Male) |
| 21:41 | Create | Villager (Male) |
| 21:41 | Create | Villager (Male) |
| 21:41 | Create | Villager (Male) |
| 21:42 | Create | Villager (Male) |
| 21:42 | Create | Villager (Male) |
| 21:42 | Create | Villager (Male) |
| 21:42 | Create | Villager (Male) |
| 21:57 | Create | Battering Ram |
| 22:37 | Research | Fletching |
| 22:37 | Research | Fletching |
| 22:40 | Create | Battering Ram |
| 22:40 | Create | Battering Ram |
| 22:58 | Create | Villager (Male) |
| 22:58 | Create | Villager (Male) |
| 22:58 | Create | Villager (Male) |
| 22:59 | Create | Villager (Male) |
| 23:11 | Create | Battering Ram |
| 23:11 | Create | Battering Ram |
| 23:22 | Create | Villager (Male) |
| 23:22 | Create | Villager (Male) |
| 24:02 | Create | Battering Ram |
| 24:21 | Create | Battering Ram |
| 24:22 | Create | Battering Ram |
| 24:31 | Create | Villager (Male) |
| 24:31 | Create | Villager (Male) |
| 24:31 | Create | Villager (Male) |
| 24:32 | Create | Villager (Male) |
| 24:32 | Create | Villager (Male) |
| 24:32 | Create | Villager (Male) |
| 24:43 | Create | Battering Ram |
| 24:43 | Create | Battering Ram |
| 25:22 | Create | Battering Ram |
| 25:22 | Create | Battering Ram |
| 26:12 | Create | Villager (Male) ×5 |
| 26:12 | Create | Villager (Male) ×5 |
| 26:12 | Create | Villager (Male) |
| 27:09 | Build | House |
| 27:10 | Build | House |
| 27:10 | Build | House |
| 27:10 | Build | House |
| 27:11 | Build | House |
| 27:11 | Build | House |
| 27:11 | Build | House |
| 27:11 | Build | House |
| 27:12 | Build | House |
| 27:12 | Build | House |
| 27:12 | Build | House |
| 27:13 | Build | House |
| 27:13 | Build | House |
| 27:21 | Build | Farm |
| 27:21 | Build | Farm |
| 27:21 | Build | Farm |
Match timeline
| 4:28 | |WolkF| · wall_segment Palisade Wall x1 |
| 5:44 | |WolkF| · wall_segment Palisade Wall x1 |
| 5:47 | |WolkF| · wall_segment Palisade Wall x1 |
| 6:59 | wulfxyz · wall_segment Palisade Wall x1 |
| 7:10 | wulfxyz · wall_segment Palisade Wall x1 |
| 7:13 | wulfxyz · wall_segment Palisade Wall x1 |
| 7:16 | wulfxyz · wall_segment Palisade Wall x1 |
| 7:18 | wulfxyz · wall_segment Palisade Wall x1 |
| 7:31 | wulfxyz · wall_segment Palisade Wall x1 |
| 7:34 | wulfxyz · wall_segment Palisade Wall x1 |
| 7:37 | wulfxyz · wall_segment Palisade Wall x1 |
| 7:42 | wulfxyz · wall_segment Palisade Wall x1 |
| 7:45 | wulfxyz · wall_segment Palisade Wall x1 |
| 7:51 | wulfxyz · wall_segment Palisade Wall x1 |
| 7:58 | wulfxyz · wall_segment Palisade Wall x1 |
| 8:53 | evertone · age_up feudal |
| 10:38 | Bunicu · age_up feudal |
| 10:43 | dinosah · age_up feudal |
| 10:58 | wulfxyz · age_up feudal |
| 11:22 | MartsRdm · age_up feudal |
| 11:30 | aq.gjoel · age_up feudal |
| 11:42 | |WolkF| · age_up feudal |
| 11:59 | wulfxyz · first_market_sell 100 food |
| 12:11 | x-3-n-0-c · age_up feudal |
| 13:49 | wulfxyz · first_building Barracks |
| 14:10 | Bunicu · age_up castle |
| 14:37 | wulfxyz · first_building Archery Range |
| 14:39 | wulfxyz · age_up castle |
| 14:52 | MartsRdm · age_up castle |
| 15:13 | wulfxyz · first_building Monastery |
| 15:25 | aq.gjoel · age_up castle |
| 15:36 | evertone · first_building Barracks |
| 15:39 | |WolkF| · age_up castle |
| 15:42 | x-3-n-0-c · age_up castle |
| 16:27 | |WolkF| · first_market_buy 100 stone |
| 16:35 | evertone · first_building Stable |
| 17:05 | dinosah · age_up castle |
| 17:25 | |WolkF| · first_building Monastery |
| 17:34 | MartsRdm · wall_segment Palisade Wall x1 |
| 17:43 | dinosah · first_building Castle |
| 17:52 | x-3-n-0-c · first_building Castle |
| 18:41 | x-3-n-0-c · first_market_buy 100 food |
| 19:39 | MartsRdm · first_market_buy 100 stone |
| 19:48 | dinosah · first_building Siege Workshop |
| 19:57 | Bunicu · wall_segment Stone Wall x21 |
| 21:12 | Bunicu · wall_segment Stone Wall x5 |
| 21:48 | evertone · age_up castle |
| 22:19 | Bunicu · first_building Castle |
| 22:48 | x-3-n-0-c · first_building Barracks |
| 23:36 | aq.gjoel · first_building Barracks |
| 24:00 | Bunicu · wall_segment Stone Wall x1 |
| 24:10 | |WolkF| · first_building Siege Workshop |
| 24:39 | aq.gjoel · first_building Castle |
| 24:50 | aq.gjoel · first_building Siege Workshop |
| 25:06 | MartsRdm · first_building Monastery |
| 25:10 | MartsRdm · first_building Siege Workshop |
| 25:23 | evertone · first_market_buy 100 food |
| 25:28 | Bunicu · resign |
| 26:02 | MartsRdm · first_building Barracks |
| 27:19 | aq.gjoel · wall_segment Stone Wall x4 |
| 28:36 | |WolkF| · first_building Castle |
| 28:41 | |WolkF| · first_building Barracks |
| 28:46 | evertone · first_building Monastery |
| 28:53 | aq.gjoel · wall_segment Stone Wall x7 |
| 29:00 | aq.gjoel · age_up imperial |
| 29:17 | MartsRdm · first_building Archery Range |
| 29:23 | x-3-n-0-c · age_up imperial |
| 29:34 | |WolkF| · first_building Stable |
| 29:34 | MartsRdm · age_up imperial |
| 29:55 | wulfxyz · first_market_buy 100 wood |
| 30:52 | wulfxyz · age_up imperial |
| 30:57 | x-3-n-0-c · first_market_sell 100 wood |
| 31:13 | |WolkF| · age_up imperial |
| 31:25 | |WolkF| · first_market_sell 100 food |
| 31:33 | aq.gjoel · wall_segment Stone Wall x1 |
| 31:39 | aq.gjoel · wall_segment Stone Wall x1 |
| 32:27 | wulfxyz · first_building Castle |
| 33:00 | evertone · age_up imperial |
| 33:08 | aq.gjoel · wall_segment Stone Wall x2 |
| 33:26 | MartsRdm · first_building Castle |
| 33:50 | dinosah · first_building Barracks |
| 33:59 | aq.gjoel · first_market_buy 100 stone |
| 35:49 | dinosah · age_up imperial |
| 36:19 | aq.gjoel · wall_segment Stone Wall x4 |
| 37:48 | aq.gjoel · wall_segment Stone Wall x1 |
| 39:17 | aq.gjoel · wall_segment Stone Wall x1 |
| 39:49 | |WolkF| · first_building Archery Range |
| 39:56 | evertone · first_building Castle |
| 41:06 | MartsRdm · tribute_sent a jugador 1 |
| 41:06 | MartsRdm · tribute_sent a jugador 2 |
| 41:06 | MartsRdm · tribute_sent a jugador 3 |
| 41:06 | MartsRdm · tribute_sent a jugador 4 |
| 41:06 | MartsRdm · tribute_sent a jugador 6 |
| 41:06 | MartsRdm · tribute_sent a jugador 7 |
| 41:06 | MartsRdm · tribute_sent a jugador 8 |
| 41:14 | |WolkF| · tribute_sent a jugador 1 |
| 41:14 | |WolkF| · tribute_sent a jugador 2 |
| 41:14 | |WolkF| · tribute_sent a jugador 4 |
| 41:14 | |WolkF| · tribute_sent a jugador 5 |
| 41:14 | |WolkF| · tribute_sent a jugador 6 |
| 41:14 | |WolkF| · tribute_sent a jugador 7 |
| 41:14 | |WolkF| · tribute_sent a jugador 8 |
| 41:39 | x-3-n-0-c · first_building Siege Workshop |
| 42:43 | MartsRdm · first_market_sell 500 food |
| 43:50 | evertone · first_market_sell 500 stone |
[ AI ANALYSIS · 1 CREDIT ]
What really happened in this match?
Wolo.gg analyzes every decision: build order, eco, micro, common mistakes by bracket. Personalized analysis on WhatsApp or Discord in 30 seconds.
Civ guide
Goths
Map guide
Arena
Perfil
Jugador #887646